 Dungeon Crawl Stone Soup version 0.30.1-11-g7821555f0a (webtiles) character file.

Game seed: 18245188847240231530

848 Okkudo the Cleaver (level 8, -3/64 HPs)
             Began as a Hill Orc Monk on Dec 2, 2023.
             Slain by an acid dragon (8 damage)
             ... on level 5 of the Dungeon on Dec 3, 2023.
             The game lasted 00:11:09 (3906 turns).

Okkudo the Cleaver (Hill Orc Monk)                  Turns: 3906, Time: 00:11:10

Health: -3/64      AC: 10    Str: 16    XL:     8   Next: 1%
Magic:  8/8        EV:  7    Int: 10    God:
Gold:   187        SH:  0    Dex: 13    Spells: 7/7 levels left

rFire   . . .        t - +0 war axe
rCold   . . .        d - orb {light}
rNeg    . . .        k - +0 chain mail
rPois   .            n - +0 helmet
rElec   .            (no cloak)
rCorr   .            (no gloves)
SInv    .            r - +0 pair of boots
Will    .....        (no amulet) Stlth
                     g - +4 ring of protection
HPRegen 0.30/turn    (no ring)
MPRegen 0.11/turn

%: no passive effects
@: corroded, glowing, studying Translocations
A: no striking features
a: no special abilities


You were on level 5 of the Dungeon.
You visited 1 branch of the dungeon, and saw 5 of its levels.

You collected 285 gold pieces.
You spent 98 gold pieces at shops.

Inventory:

Hand Weapons
 t - a +0 war axe (weapon)
Armour
 d - an orb of light (worn)
 k - a +0 chain mail (worn)
 n - a +0 helmet (worn)
 r - a +0 pair of boots (worn)
Jewellery
 g - a +4 ring of protection (left hand)
Scrolls
 b - 2 scrolls of torment {unknown}
 e - a scroll of noise {unknown}
 h - a scroll of acquirement {unknown}
 i - 2 scrolls of teleportation {unknown}
 m - 2 scrolls of immolation {unknown}
 o - 2 scrolls of identify {unknown}
 p - a scroll of enchant armour {unknown}
 s - a scroll of blinking {unknown}
 v - a scroll of brand weapon {unknown}
Potions
 a - a potion of berserk rage {unknown}
 c - 3 potions of ambrosia
 f - 2 potions of heal wounds {unknown}
 j - a potion of attraction {unknown}
 l - a potion of cancellation {unknown}
 q - 3 potions of curing {unknown}
 u - a potion of mutation {unknown}
 w - a potion of lignification {unknown}


   Skills:
 - Level 3.6 Fighting
 * Level 12.0 Axes
 - Level 2.4 Dodging


You had 7 spell levels left.
You didn't know any spells.
Your spell library contained the following spells:

 Spells                   Type           Power      Damage    Failure   Level
 Cigotuvi's Dreadful Rot  Necr/Pois/Air  0%         N/A       100%        2
 Ignite Poison            Fire/Tmut/Pois 0%         N/A       100%        3
 Freezing Cloud           Conj/Ice/Air   0%         6-21      100%        5
 Summon Forest            Summ/Tloc      0%         N/A       100%        5
 Summon Mana Viper        Hex/Summ       0%         N/A       100%        5
 Simulacrum               Ice/Necr       0%         N/A       100%        6
 Summon Cactus Giant      Summ           0%         N/A       100%        6
 Ozocubu's Refrigeration  Ice            0%         4d7       100%        7
 Polar Vortex             Ice            0%         N/A       100%        9


Dungeon Overview and Level Annotations

Branches:
Dungeon (5/15)             Temple (0/1) D:4

Altars:
Gozag
Hepliaklqana
Makhleb
Nemelex Xobeh
Zin

Shops:
D:2 :   D:3 *   D:4 (


Message History

You open the door.
An acid dragon comes into view.
The acid dragon spits acid at you. The splash of acid hits you!!
Ouch! That really hurt!
Found an escape hatch in the floor.
The acid dragon bites you but does no damage.
The acid dragon claws you but does no damage.
There is an open door here.
The acid dragon spits acid at you. The splash of acid hits you!
The acid corrodes you!
You slash the acid dragon!
The acid dragon is moderately wounded.
The acid dragon bites you but does no damage.
The acid dragon claws you but does no damage.
You barely miss the acid dragon.
The acid dragon is moderately wounded.
The acid dragon bites you.
* * * LOW HITPOINT WARNING * * *
The acid dragon claws you but does no damage.
You barely miss the acid dragon.
The acid dragon is moderately wounded.
The acid dragon bites you.
* * * LOW HITPOINT WARNING * * *
The acid dragon barely misses you.
You barely miss the acid dragon.
The acid dragon is moderately wounded.
You hit the acid dragon but do no damage.
The acid dragon is moderately wounded.
The acid dragon barely misses you. The acid dragon claws you.
* * * LOW HITPOINT WARNING * * *
You hit the acid dragon.
The acid dragon is moderately wounded.
The acid dragon bites you!
* * * LOW HITPOINT WARNING * * *
The acid dragon claws you but does no damage.
You hit the acid dragon.
The acid dragon is heavily wounded.
The acid dragon bites you!
You die...

........#....
........+....
........#....
........#.... ######
........#####
#....########......#
#......>... #......#
#.......... #.[....#
#..@D...... #......#
####'#####.. #......#
#......# #......#
#......# #......#
#......# #......#
#......# #......#
#......#######......#
#######.............#
#.............#


You could see an acid dragon.

Vanquished Creatures
  Prince Ribbit (D:5)
  A water moccasin (D:4)
  A black bear (D:5)
  2 phantoms (D:5)
  A jelly (D:4)
  2 iguanas
  Natasha (thrice) (D:2)
  6 adders
  2 worms
  3 dart slugs (D:2)
  6 orcs
  8 endoplasms
  3 giant cockroaches
  7 goblins
  6 hobgoblins
  7 jackals (D:1)
  3 quokkas
  5 ball pythons
  6 bats
  2 frilled lizards
  9 kobolds
  3 rats (D:1)
  A spectral hobgoblin (D:3)
88 creatures vanquished.

Notes
Turn   | Place    | Note
-------+----------+-------------------------------------------
     0 | D:1      | Okkudo the Hill Orc Monk began the quest for the Orb.
     0 | D:1      | Reached XP level 1. HP: 19/19 MP: 1/1
   160 | D:1      | Reached XP level 2. HP: 23/26 MP: 2/2
   283 | D:1      | Found a faded altar of an unknown god.
   287 | D:1      | Reached skill level 5 in Axes
   592 | D:1      | Reached XP level 3. HP: 31/31 MP: 3/3
  1118 | D:2      | Reached skill level 6 in Axes
  1157 | D:2      | Noticed Natasha
  1173 | D:2      | Killed Natasha
  1174 | D:2      | Reached XP level 4. HP: 30/39 MP: 4/4
  1207 | D:2      | Found Fiesosm's Vocational Training.
  1207 | D:2      | Noticed Natasha
  1219 | D:2      | Killed Natasha
  1220 | D:2      | Reached skill level 7 in Axes
  1419 | D:2      | Noticed Natasha
  1431 | D:2      | Killed Natasha
  1432 | D:2      | Reached XP level 5. HP: 26/45 MP: 5/5
  1682 | D:3      | Found an opulent altar of Gozag.
  1691 | D:3      | Found Gozag's Platinum Reserve.
  1897 | D:3      | Found a hazy altar of Hepliaklqana.
  2030 | D:3      | Reached skill level 8 in Axes
  2127 | D:3      | Found a glowing silver altar of Zin.
  2569 | D:4      | Found Joasat's Antique Weapon Shoppe.
  2679 | D:4      | Bought a war axe for 98 gold pieces
  2818 | D:4      | Reached XP level 6. HP: 51/51 MP: 6/6
  2855 | D:4      | Found a staircase to the Ecumenical Temple.
  3092 | D:4      | Noticed a water moccasin
  3104 | D:4      | Killed a water moccasin
  3105 | D:4      | Reached skill level 9 in Axes
  3165 | D:4      | Found a sparkling altar of Nemelex Xobeh.
  3253 | D:4      | Found a burning altar of Makhleb.
  3536 | D:5      | Entered Level 5 of the Dungeon
  3545 | D:5      | Noticed Prince Ribbit
  3555 | D:5      | Killed Prince Ribbit
  3556 | D:5      | Reached skill level 10 in Axes
  3556 | D:5      | Reached XP level 7. HP: 21/57 MP: 7/7
  3712 | D:5      | Reached skill level 11 in Axes
  3837 | D:5      | Reached skill level 12 in Axes
  3837 | D:5      | Reached XP level 8. HP: 59/64 MP: 8/8
  3906 | D:5      | Slain by an acid dragon

Illustrated notes

Levels and vault maps discovered:
D:1:      dpeg_arrival_central, layout_loops_ring,
          shapermc_ecumenical_altar_ellora, kennysheep_pointless_box
D:2:      layout_basic, nicolae_shop_vocational, uniq_natasha
D:3:      layout_loops_ring, nicolae_gozag_zags_fifth_avenue,
          nicolae_hepliaklqana_monster_ancestors, zin_statuary,
          small_statue_intersection, grunt_ministairs_4
D:4:      minmay_evil_eye, layout_gridville, mainiacjoe_overflow_catwalk,
          mainiacjoe_overflow_small_starburst, minmay_temple_entry_trees,
          serial_shops, nicolae_inconvenience_store, chequers_garden,
          minmay_manual_mail
D:5:      layout_gridville, serial_shops, kennysheep_mini, uniq_prince_ribbit1,
          uniq_crazy_yiuf_cottage

Skill      XL: |  1  2  3  4  5  6  7 |
---------------+----------------------+-----
Axes           | 5 6 7 8 10 12 | 12.0
Fighting       | |  3.6
Dodging        | |  2.4

Action                     |  1- 3 |  4- 6 |  7- 9 || total
---------------------------+-------+-------+-------++-------
  Melee: Hand axe          |   125 |   112 |       ||   237
         War axe           |       |    55 |    31 ||    86
 Armour: Robe              |    29 |       |       ||    29
         Ring mail         |    16 |       |       ||    16
         Chain mail        |       |    92 |    24 ||   116
  Dodge: Dodged            |    70 |    60 |    10 ||   140
